 Dungeon Crawl Stone Soup version 0.25.1-2-g60ff931df9 (webtiles) character file.

Game seed: 10084197605124964445

309 gruber the Shield-Bearer (level 6, -3/37 HPs)
             Began as a Gargoyle Fighter on Nov 29, 2020.
             Killed themself with a badly aimed iceblast (6 damage)
             ... on level 3 of the Dungeon.
             The game lasted 00:02:09 (2275 turns).

gruber the Shield-Bearer (Gargoyle Fighter)         Turns: 2275, Time: 00:02:10

Health: -3/37      AC: 12    Str: 19    XL:     6   Next: 41%
Magic:  6/6        EV:  7    Int: 11    God:
Gold:   142        SH:  9    Dex:  9    Spells: 5/5 levels left

rFire    . . .     SeeInvis .   a - +0 flail
rCold    . . .     Gourm    .   c - +0 kite shield
rNeg     + . .     Faith    .   b - +0 scale mail
rPois    ∞         Spirit   .   (no helmet)
rElec    +         Reflect  .   n - +0 cloak
rCorr    .         Harm     .   (no gloves)
MR       .....                  (no boots)
Stlth    ..........             (no amulet)
HPRegen  0.12/turn              (no ring)
MPRegen  0.10/turn              (no ring)

@: no status effects
A: negative energy resistance 1, electricity resistance, unbreathing,
petrification resistance, rot immunity, AC +4
a: no special abilities


You were on level 3 of the Dungeon.
You were not hungry.

You visited 1 branch of the dungeon, and saw 3 of its levels.

You collected 142 gold pieces.

Inventory:

Hand Weapons
 a - a +0 flail (weapon)
Missiles
 l - 3 atropa-tipped darts (quivered)
 r - 28 poisoned darts
Armour
 b - a +0 scale mail (worn)
 c - a +0 kite shield (worn)
 n - a +0 cloak (worn)
Wands
 g - a wand of random effects (16)
Scrolls
 e - a scroll of magic mapping {unknown}
 h - a scroll of enchant weapon {unknown}
 i - a scroll of remove curse {unknown}
 j - a scroll of enchant armour {unknown}
 m - a scroll of teleportation {unknown}
 o - 4 scrolls of identify {unknown}
 p - 3 scrolls of immolation {unknown}
 q - a scroll of fog {unknown}
 s - a scroll of noise {unknown}
Potions
 d - 2 potions of might
 k - a potion of curing {unknown}
Comestibles
 f - 4 rations
 t - a chunk of flesh


   Skills:
 - Level 3.2 Fighting
 + Level 4.3 Maces & Flails
 + Level 4.6 Armour
 + Level 5.3 Shields


You had 5 spell levels left.
You didn't know any spells.
Your spell library was empty.

Dungeon Overview and Level Annotations

Branches:
Dungeon (3/15)

Altars:
Nemelex Xobeh


Innate Abilities, Weirdness & Mutations

You are resistant to torment.
Your stone body is resilient. (AC +4)
You are immune to poison.
You resist negative energy. (rN+)
You are resistant to electric shocks. (rElec)
You can survive without breathing.
You are immune to petrification.
You are immune to rotting.


Message History

The magic dart hits you.
You hit something but do no damage. Something hits you but does no damage.
You barely miss something. Something hits you but does no damage.
You barely miss something. Something hits you but does no damage.
You closely miss something. Something hits you!
* * * LOW HITPOINT WARNING * * *
You closely miss something.
Evoke which item? (* to show all) (? for menu, Esc to quit)
Aiming: Random Effects
Press: ? - help, Shift-Dir - straight line The mass of ice explodes!
The iceblast engulfs something!
Reactivating autopickup.
Your Maces & Flails skill increases to level 4!
Your Shields skill increases to level 5!
You have reached level 6!
Your experience leads to an increase in your attributes!
Increase (S)trength, (I)ntelligence, or (D)exterity?
You feel clever.
You feel a bit more experienced. The iceblast engulfs you.
You die...

.. .# #.# .##
.# #.# . #.#
#.## #..#
##.# ##)#
########.#.#
......)@###.#
#######..#
(.. #.#.# ###
#.### #.# #.#
#.# #.#


There were no monsters in sight!

Vanquished Creatures
  Sigmund (D:3)
  7 adders
  An ooze (D:1)
  3 worms (D:2)
  A dart slug (D:2)
  A leopard gecko (D:2)
  7 giant cockroaches
  7 goblins
  9 hobgoblins
  2 quokkas (D:2)
  9 bats
  6 frilled lizards
  11 kobolds
  9 rats
74 creatures vanquished.

Notes
Turn   | Place    | Note
-------+----------+-------------------------------------------
     0 | D:1      | gruber the Gargoyle Fighter began the quest for the Orb.
     0 | D:1      | Reached XP level 1. HP: 14/14 MP: 1/1
   143 | D:1      | Reached XP level 2. HP: 19/19 MP: 2/2
   323 | D:1      | Reached XP level 3. HP: 21/23 MP: 3/3
   579 | D:1      | Reached skill level 4 in Shields
   861 | D:2      | Found a sparkling altar of Nemelex Xobeh.
   928 | D:2      | Reached XP level 4. HP: 22/28 MP: 4/4
  1741 | D:2      | Reached XP level 5. HP: 31/32 MP: 5/5
  2250 | D:3      | Noticed Sigmund
  2275 | D:3      | Killed Sigmund
  2275 | D:3      | Reached skill level 5 in Shields
  2275 | D:3      | Reached XP level 6. HP: 3/37 MP: 6/6
  2275 | D:3      | Killed themself with a badly aimed iceblast

Illustrated notes

Levels and vault maps discovered:
D:1:      psy_arrival_wood_between_worlds, layout_basic
D:2:      minmay_chambers_of_ones, layout_loops_ring,
          nemelex_xobeh_ov_fountains_minmay, minmay_mini_jars
D:3:      cheibrodos_old_hovel, layout_loops_ring,
          nicolae_overflow_hidden_temple, chequers_ecumenical_altar_grove,
          uniq_sigmund

Skill      XL: |  1  2  3  4  5 |
---------------+----------------+-----
Shields        | 4 5 |  5.3
Maces & Flails | 3 4 |  4.3
Armour         | 4 |  4.6
Fighting       | |  3.2

Action                   |  1- 3 |  4- 6 || total
-------------------------+-------+-------++-------
Melee: Flail             |   157 |   174 ||   331
Throw: Dart              |       |     1 ||     1
  Eat: Chunk             |       |     5 ||     5
Armor: Scale mail        |   109 |   158 ||   267
Dodge: Dodged            |    74 |    85 ||   159
Block: Kite shield       |    97 |   124 ||   221
